 Dungeon Sprint DCSS version 0.29-a0-194-g6e3aafee17 (webtiles) character file.

Game seed: 13540271151204914509

116 Zeldest the Insei (level 4, 18/39 HPs)
             Began as a Demonspawn Transmuter on Feb 22, 2022.
             Quit the game in the Dungeon (Sprint IX: "|||||||||||||||||||||||||||||").
             The game lasted 00:00:49 (61 turns).

Zeldest the Insei (Demonspawn Transmuter)             Turns: 61, Time: 00:00:49

Health: 18/39      AC:  2    Str: 13    XL:     4   Next: 69%
Magic:  6/7        EV: 12    Int: 14    God:
Gold:   0          SH:  0    Dex: 13    Spells: 6/7 levels left

rFire   . . .      SeeInvis .     - Unarmed
rCold   . . .      Faith    .   (no shield)
rNeg    . . .      Spirit   .   a - +0 robe
rPois   .          Reflect  .   (helmet restricted)
rElec   .          Harm     .   (no cloak)
rCorr   .          Rampage  .   (no gloves)
Will    .....      NoTele   +   (no boots)
Stlth   +.........              (no amulet)
HPRegen 0.13/turn               (no ring)
MPRegen 0.20/turn               (no ring)

@: on berserk cooldown, hasted and slowed
A: antennae 1, magic regeneration
a: no special abilities


You were in the Dungeon.
You visited 1 branch

Inventory:

Armour
 a - a +0 robe (worn)
Scrolls
 g - a scroll of blinking
Potions
 b - a potion of curing
 e - 2 potions of magic


   Skills:
 + Level 5.4 Fighting
 - Level 1.7 Dodging
 + Level 5.6 Unarmed Combat
 - Level 2.0 Spellcasting
 + Level 5.1 Transmutations


You had 6 spell levels left.
You knew the following spells:

 Your Spells              Type           Power      Damage    Failure   Level
a - Beastly Appendage     Tmut           30%        N/A       2%          1

Your spell library contained the following spells:

 Spells                   Type           Power      Damage    Failure   Level
 Wereblood                Tmut           15%        N/A       4%          2
 Spider Form              Tmut/Pois      8%         N/A       24%         3
 Ice Form                 Ice/Tmut       8%         N/A       63%         4


Dungeon Overview and Level Annotations

Branches:
Dungeon (1/1)

Altars:
Cheibriados
Dithmenos
Elyvilon
Fedhas
Gozag
Hepliaklqana
Kikubaaqudgha
Beogh
Jiyva


Innate Abilities, Weirdness & Mutations

You have a pair of small antennae on your head.
You regenerate magic rapidly.


Message History

You hit the iguana. You claw the iguana!
You kill the iguana!
The iguana hisses menacingly.
Your Unarmed Combat skill increases to level 5!
You have reached level 4!
You feel stronger.
Your demonic ancestry asserts itself...
Your magic begins to regenerate rapidly.
You barely miss the iguana. You claw the iguana!
The iguana is heavily wounded.
You barely miss the iguana. You claw the iguana!
You kill the iguana!
Your Fighting skill increases to level 5!
Your Transmutations skill increases to level 5!
You closely miss the adder skeleton. You claw the adder skeleton!
The adder skeleton is severely damaged.
You barely miss the adder skeleton.
The adder skeleton is severely damaged.
The adder skeleton bites you.
You hit the adder skeleton.
The adder skeleton is almost destroyed.
Your transformation is almost over.
The adder skeleton barely misses you.
You closely miss the adder skeleton. You claw the adder skeleton.
You destroy the adder skeleton!
There is an open door here.
You see here an iguana corpse.
You feel a strong urge to attack something.
You are no longer berserk.
You are exhausted.
You feel yourself slow down.
You open the door.
Found six altars.
Found a hazy altar of Hepliaklqana.
There is an open door to the Temple here.
Found a viscous altar of Jiyva.
There is a roughly hewn altar of Beogh here.
Found an ancient bone altar of Kikubaaqudgha.
Your talons disappear.
There is a snail-covered altar of Cheibriados here.
Are you sure you want to abandon this character and quit the game? (Confirm with "yes".)

▓_▓
▓_▓
▓_▓
▓_▓
▓_▓
▓_▓
▓_▓
▓@▓
▓_▓
▓'▓
▓.▓
▓.▓
▓.▓
▓.▓
▓.▓
▓†▓


There were no monsters in sight!

Vanquished Creatures
  2 hounds (D)
  2 iguanas (D)
  An adder skeleton (D)
  A giant cockroach (D)
  2 jackals (D)
  A bat (D)
  A kobold (D)
10 creatures vanquished.

Notes
Turn   | Place    | Note
-------+----------+-------------------------------------------
     0 | D        | Zeldest the Demonspawn Transmuter began the quest for the
                  | Orb.
     0 | D        | Reached XP level 1. HP: 15/15 MP: 3/3
     2 | D        | Banished a spatial maelstrom
    33 | D        | Noticed an iguana
    33 | D        | Noticed an iguana
    33 | D        | Noticed a hound
    33 | D        | Noticed a hound
    37 | D        | Killed a hound
    38 | D        | Lost mutation: You have a pair of horns on your head.
                  | [demonic ancestry]
    38 | D        | Lost mutation: You have a pair of small horns on your head.
                  | [demonic ancestry]
    38 | D        | Gained mutation: You have a pair of small antennae on your
                  | head. [demonic ancestry]
    38 | D        | Reached XP level 2. HP: 24/24 MP: 3/5
    38 | D        | Reached XP level 3. HP: 29/29 MP: 3/6
    45 | D        | Reached skill level 5 in Unarmed Combat
    45 | D        | Gained mutation: You regenerate magic rapidly. [demonic
                  | ancestry]
    45 | D        | Reached XP level 4. HP: 26/38 MP: 3/7
    47 | D        | Reached skill level 5 in Fighting
    47 | D        | Reached skill level 5 in Transmutations
    57 | D        | Found a snail-covered altar of Cheibriados.
    57 | D        | Found a shadowy altar of Dithmenos.
    57 | D        | Found a blossoming altar of Fedhas.
    57 | D        | Found an opulent altar of Gozag.
    58 | D        | Found a hazy altar of Hepliaklqana.
    59 | D        | Found a viscous altar of Jiyva.
    60 | D        | Found an ancient bone altar of Kikubaaqudgha.
    61 | D        | Quit the game

Illustrated notes

Levels and vault maps discovered:
D:        linesprint [early_d, line_temple, items_1, d_10, items_2, lair_1,
          lair_end, items_3, orc_1, orc_end, items_4, d_15, swamp_1, shoals_1,
          snake_1, spider_1, d_20, vaults_1, items_5, swamp_end, shoals_end,
          snake_end, spider_end, vaults_end, d_27, items_6, zot_1, zot_end,
          crypt_end, forest_end, elf_end, slime_end, tomb_end, abyss_end,
          pan_hell_end]

Skill      XL: |  1  2  3  4 |
---------------+-------------+-----
Transmutations | 3 4 5 |  5.1
Unarmed Combat | 4 5 |  5.6
Fighting       | 3 4 5 |  5.4
Dodging        | |  1.7
Spellcasting   | |  2.0

Action                   |  1- 3 |  4- 6 || total
-------------------------+-------+-------++-------
Melee: Unarmed           |    29 |     6 ||    35
       Kick              |     3 |     4 ||     7
 Cast: Beastly Appendage |     2 |       ||     2
  Use: Potion            |     3 |       ||     3
Armor: Robe              |     3 |       ||     3
Dodge: Dodged            |    14 |     1 ||    15

Table legend: (Time is in decaauts)
 A = Elapsed time spent in this place.
 B = Non-inter-level travel time spent in this place.
 C = Inter-level travel time spent in this place.
 D = Time resting spent in this place.
 E = Time spent auto-exploring this place.
 F = Levels seen in this place.
 G = Mean time per level.
                   A        B        C        D        E       F      G
               +--------+--------+--------+--------+--------+-----+--------+
         Total |     51 |     51 |      0 |      0 |      0 |   1 |   51.0 |
       Dungeon |     51 |     51 |      0 |      0 |      0 |   1 |   51.0 |
               +--------+--------+--------+--------+--------+-----+--------+

Top non-repeatable levels by time:
       D: 51 daAuts
